 Dungeon Sprint DCSS version 0.23.0-28-g6fe0f4d (webtiles) character file.

Game seed: 8003091131327843243

529 Fang the Fighter (level 7, -1/51 HPs)
             Began as a Gargoyle Berserker on Feb 25, 2019.
             Was a Believer of Trog.
             Slain by a merfolk
             ... wielding a +0 trident
              (22 damage)
             ... in the Dungeon (Sprint V: "Ziggurat Sprint").
             The game lasted 00:00:28 (146 turns).

Fang the Fighter (Gargoyle Berserker)                Turns: 146, Time: 00:00:28

Health: -1/51      AC: 26    Str: 34    XL:     7   Next: 24%
Magic:  7/7        EV:  9    Int:  8    God:    Trog [**....]
Gold:   0          SH:  0    Dex:  9    Spells: 6/6 levels left

rFire    + . .     SeeInvis .   k - +5 executioner's axe
rCold    + . .     Gourm    .   (shield currently unavailable)
rNeg     + . .     Faith    .   j - +5 gold dragon scales
rPois    ∞         Spirit   .   (no helmet)
rElec    +         Reflect  .   (no cloak)
rCorr    .         Harm     .   (no gloves)
MR       .....     NoTele   +   (no boots)
Stlth    ..........             (no amulet)
HPRegen  0.17/turn              D - +6 ring of strength
MPRegen  0.10/turn              E - +6 ring of strength

@: berserk cooldown, slowed, very slow
A: negative energy resistance 1, electricity resistance, unbreathing,
petrification resistance, rot immunity, AC +4
a: Berserk, Trog's Hand, Renounce Religion


You were in the Dungeon.
You worshipped Trog.
Trog was pleased with you.
You were not hungry.

You visited 1 branch

Inventory:

Hand Weapons
 a - a +0 hand axe
 k - a +5 executioner's axe (weapon)
Armour
 b - a +0 animal skin
 j - +5 gold dragon scales (worn)
Jewellery
 z - a +6 ring of dexterity
 A - a +6 ring of dexterity
 B - a +6 ring of intelligence
 C - a +6 ring of intelligence
 D - a +6 ring of strength (left hand)
 E - a +6 ring of strength (right hand)
Wands
 w - a wand of disintegration (7)
 x - a wand of iceblast (7)
 y - a wand of acid (7)
Scrolls
 i - 4 scrolls of blinking
 l - 7 scrolls of fog
 m - a scroll of holy word
 n - 5 scrolls of identify
 o - 5 scrolls of remove curse
 p - 2 scrolls of fear
Potions
 d - 10 potions of curing
 e - 10 potions of heal wounds
 f - 6 potions of haste
 g - 7 potions of magic
 h - 3 potions of berserk rage
 q - 2 potions of brilliance
 r - 2 potions of invisibility
 s - 4 potions of resistance
 t - a potion of experience
 u - 5 potions of agility
 v - 5 potions of might
Comestibles
 c - 7 rations
 F - a chunk of flesh


   Skills:
 + Level 9.0 Fighting
 + Level 7.4 Axes
 + Level 8.6 Armour
 + Level 6.5 Dodging


You had 6 spell levels left.
You didn't know any spells.
Your spell library was empty.

Dungeon Overview and Level Annotations

Branches:
Dungeon (1/1)

Altars:
Ashenzari
Cheibriados
Dithmenos
Elyvilon
Fedhas
Gozag
Hepliaklqana
Kikubaaqudgha
Makhleb
Nemelex Xobeh
Okawaru
Qazlal
Ru
Sif Muna
Trog
Uskayaw
Vehumet
Wu Jian
Xom
Yredelemnul
Zin
The Shining One
Beogh
Jiyva
Lugonu

Annotations:
D 1 transporter


Innate Abilities, Weirdness & Mutations

You are resistant to torment.
Your stone body is resilient. (AC +4)
You are immune to poison.
You resist negative energy. (rN+)
You are resistant to electric shocks. (rElec)
You can survive without breathing.
You are immune to petrification.
You are immune to rotting.


Message History

You feel yourself slow down.
The merfolk hits you but does no damage.
The merfolk closely misses you.
The merfolk hits you but does no damage.
You closely miss the merfolk. You slash the merfolk!
The merfolk hits you with a +0 trident.
The merfolk hits you with a +2 hand axe of venom.
The merfolk hits you but does no damage.
The merfolk misses you.
Unknown command.
Your gold dragon scales prevents you from hitting the merfolk.
You slash the merfolk!
You kill the merfolk!
Trog accepts your kill.
Your Fighting skill gained 2 levels and is now at level 9!
Your Axes skill increases to level 7!
Your Armour skill increases to level 8!
Your Dodging skill increases to level 6!
You have reached level 7!
The merfolk hits you with a +0 trident!!
You die...

▓▓▓▓▓▓▓▓▓▓▓▓▓
▓.8©8.▓.8©8.▓
▓..):.▓.....▓
▓..m..▓.).).▓
▓..@).▓.....▓
▓.....▓.÷†..▓
▓..(..▓..©..▓
▓..©..▓▓▓▓▓▓▓
▓▓▓▓▓▓▓


You could see a merfolk.

Vanquished Creatures
  2 merfolk (D)
  A porcupine (D)
  A river rat (D)
4 creatures vanquished.

Notes
Turn   | Place    | Note
-------+----------+-------------------------------------------
     0 | D        | Found the +6 Majin-Bo {vamp, Archmagi MP+6 Int+6}
     0 | D        | Found the +7 great mace "Firestarter" {inner flame, rF++}
     0 | D        | Fang the Gargoyle Berserker began the quest for the Orb.
     0 | D        | Reached XP level 1. HP: 14/14 MP: 1/1
     3 | D        | Found a blossoming altar of Fedhas.
     4 | D        | Found a viscous altar of Jiyva.
     4 | D        | Found a hazy altar of Hepliaklqana.
     4 | D        | Found a transporter.
     4 | D        | Found an opulent altar of Gozag.
     4 | D        | Found an ancient bone altar of Kikubaaqudgha.
     4 | D        | Found a corrupted altar of Lugonu.
     8 | D        | Found a burning altar of Makhleb.
     9 | D        | Found a sacrificial altar of Ru.
     9 | D        | Found a stormy altar of Qazlal.
     9 | D        | Found a deep blue altar of Sif Muna.
     9 | D        | Found an iron altar of Okawaru.
     9 | D        | Found a bloodstained altar of Trog.
     9 | D        | Found a sparkling altar of Nemelex Xobeh.
    66 | D        | Entered arena 2.
    66 | D        | Noticed a porcupine
    66 | D        | Found a transporter.
    69 | D        | Killed a porcupine
    69 | D        | Reached skill level 5 in Fighting
    69 | D        | Reached skill level 5 in Armour
    69 | D        | Reached XP level 2. HP: 22/22 MP: 2/2
    69 | D        | Reached XP level 3. HP: 27/27 MP: 3/3
    69 | D        | Reached XP level 4. HP: 32/32 MP: 4/4
    70 | D        | Reached skill level 6 in Fighting
    70 | D        | Reached skill level 5 in Axes
   136 | D        | Entered arena 3.
   136 | D        | Noticed a merfolk
   136 | D        | Noticed a merfolk
   136 | D        | Noticed a merfolk
   136 | D        | Found a transporter.
   142 | D        | Killed a merfolk
   142 | D        | Reached ** piety under Trog
   142 | D        | Reached skill level 7 in Fighting
   142 | D        | Reached skill level 5 in Dodging
   142 | D        | Reached XP level 5. HP: 29/39 MP: 5/5
   142 | D        | Reached XP level 6. HP: 33/44 MP: 6/6
   146 | D        | Killed a merfolk
   146 | D        | Reached skill level 9 in Fighting
   146 | D        | Reached XP level 7. HP: 21/51 MP: 7/7
   146 | D        | Slain by a merfolk

Skill      XL: |  1  2  3  4  5  6 |
---------------+-------------------+-----
Fighting       | 5 7 9 |  9.0
Axes           | 4 6 7 |  7.4
Armour         | 5 7 8 |  8.6
Dodging        | 4 5 6 |  6.5

Action                   |  1- 3 |  4- 6 |  7- 9 || total
-------------------------+-------+-------+-------++-------
Melee: Executioner's axe |     2 |     7 |       ||     9
Invok: Berserk           |     1 |     1 |       ||     2
Armor: Gold dragon scale |     3 |    10 |       ||    13
Dodge: Dodged            |       |     6 |       ||     6
